 Dungeon Crawl Stone Soup version 0.23.2-33-g5129a83184 (webtiles) character file.

Game seed: 11784746485050689317

585 FishyPogo the Grave Robber (level 7, -1/64 HPs)
             Began as a Deep Dwarf Necromancer on Aug 6, 2019.
             Was a Follower of Yredelemnul.
             Killed by nerve-wracking pain
             ... invoked by a shadow imp
              (13 damage)
             ... on level 5 of the Dungeon.
             The game lasted 00:42:35 (5152 turns).

FishyPogo the Grave Robber (Deep Dwarf Necromancer) Turns: 5152, Time: 00:42:35

Health: -1/64      AC:  3    Str: 17    XL:     7   Next: 14%
Magic:  1/19 (10)  EV: 19    Int: 17    God:    Yredelemnul [*.....]
Gold:   174        SH:  0    Dex: 22    Spells: 7/13 levels left

rFire    . . .     SeeInvis .   a - +1 hand axe
rCold    . . .     Gourm    .   (no shield)
rNeg     . . .     Faith    .   q - +1 robe
rPois    .         Spirit   .   (no helmet)
rElec    .         Reflect  .   (no cloak)
rCorr    .         Harm     .   (no gloves)
MR       +....                  (no boots)
Stlth    ++++......             (no amulet)
HPRegen  0.00/turn              k - +4 ring of dexterity
MPRegen  0.16/turn              x - ring of magical power

@: mighty, agile, very slightly contaminated, non-regenerating
A: damage resistance, heal wounds, sense surroundings 1, no regeneration
a: Heal Wounds, Animate Remains, Renounce Religion


You were on level 5 of the Dungeon.
You worshipped Yredelemnul.
Yredelemnul was aware of your devotion.
You were near starving.

You visited 1 branch of the dungeon, and saw 6 of its levels.

You collected 174 gold pieces.

Inventory:

Hand Weapons
 a - a +1 hand axe (weapon)
Missiles
 e - 185 stones (quivered)
Armour
 q - a +1 robe (worn)
Jewellery
 k - a +4 ring of dexterity (left hand)
 x - a ring of magical power (right hand)
Wands
 t - a wand of random effects (25)
 w - a wand of flame (15)
 y - a wand of scattershot (8)
Scrolls
 b - 5 scrolls of remove curse
 h - 2 scrolls of random uselessness
 j - 2 scrolls of enchant armour
 l - 3 scrolls of identify
 m - a scroll of enchant weapon
 s - a scroll of amnesia
Potions
 d - a potion of lignification {unknown}
 f - 3 potions of heal wounds
 g - a potion of berserk rage {unknown}
 i - a potion of ambrosia {unknown}
 n - a potion of agility
 o - a potion of magic {unknown}
 p - a potion of curing {unknown}
 z - a potion of invisibility {unknown}
Comestibles
 c - 7 rations
 r - 2 chunks of flesh


   Skills:
 - Level 4.0 Fighting
 + Level 3.3 Axes
 - Level 3.0 Dodging
 - Level 2.4 Stealth
 * Level 3.7 Spellcasting
 * Level 0.5 Conjurations
 + Level 5.0 Necromancy
 + Level 0.4 Invocations


You had 7 spell levels left.
You knew the following spells:

 Your Spells              Type           Power        Failure   Level  Hunger
a - Pain                  Necr           ###.         1%          1    None
b - Animate Skeleton      Necr           N/A          1%          1    None
c - Vampiric Draining     Necr           ###.......   6%          3    ###....
d - Magic Dart            Conj           #...         13%         1    None

Your spell library contained the following spells:

 Spells                   Type           Power        Failure   Level  Hunger
 Animate Dead             Necr           N/A          21%         4    ####...
 Blink                    Tloc           N/A          24%         2    ##.....
 Call Imp                 Summ           #.......     24%         2    ##.....
 Slow                     Hex            #.......     24%         2    ##.....
 Conjure Flame            Conj/Fire      #.......     41%         3    ###....
 Mephitic Cloud           Conj/Pois/Air  #.......     41%         3    ###....
 Regeneration             Chrm/Necr      Unusable     N/A         3    N/A

Dungeon Overview and Level Annotations

Branches:
Dungeon (6/15)
 Temple: D:4-7

Altars:
Dithmenos
Okawaru
Yredelemnul

Shops:
D:5 [

Annotations:
D:4 2 transporters, AarnesTheHuman's ghost, amateur FoEE; Menkaure
D:5 3 runed translucent doors, Pikel; barcode's ghost, novice FoWz
D:6 Sigmund


Innate Abilities, Weirdness & Mutations

You are resistant to damage.
You can heal yourself by infusing magical energy.
You passively map a small area around you.
You do not regenerate.


Message History

The shadow imp shouts, "Slither away, thou impertinent dread-bolted tiler!"
The slave misses you. The orc closely misses you.
The orc priest completely misses you. The orc barely misses you.
The shadow imp puffs mist at you.
You slash the orc!
You kill the orc!
Yredelemnul accepts your kill.
You barely miss the orc. You slash the slave! You hit the orc priest.
The slave completely misses you. The orc priest misses you.
The orc hits you but does no damage.
You hit Pikel.
Pikel is lightly wounded.
You barely miss the slave. You closely miss the orc.
You barely miss the orc priest. The slave misses you.
The orc priest completely misses you. Pikel closely misses you.
The orc misses you. The shadow imp gestures at you.
Pain shoots through your body!
You die...
Your body rises from the dead as a mindless zombie.

* .##.......p#......
.#...** #......p........
,
.....####.p.....K.......
, ,,
#................p###...
#.......##...##...<# ,,,
* ........####.###..## ,
#..........###..##..# ,
#..........oop.####.. ,
.....#.....o@...###.#
*#....#.....K......#.# ,
##.............#.......
.##............###.......
, ..............5##
#...... ,
....##.#.......##.......
* ,
#....#..........##....
...##...............#
#...
....#...............#* ,


You could see Pikel, a slave, an orc priest, a shadow imp and 2 orcs.

Vanquished Creatures
  An ogre (D:4)
  2 hounds (D:4)
  2 orc priests
  Natasha (twice) (D:4)
  An orc wizard (D:4)
  2 worker ants (D:4)
  2 hound skeletons (D:4)
  A worker ant zombie (D:6)
  3 gnolls (D:3)
  2 oozes
  2 worms
  A dart slug (D:1)
  2 leopard geckos (D:2)
  9 orcs
  A ball python (D:3)
  8 bats
  6 giant cockroaches
  6 goblins
  7 hobgoblins
  7 jackals
  11 kobolds
  4 quokkas (D:3)
  7 frilled lizards
  A leopard gecko skeleton (D:4)
  8 rats
98 creatures vanquished.

Vanquished Creatures (collateral kills)
  A phantom (D:4)
  Natasha (D:4)
  A gnoll (D:3)
  2 goblins
  2 kobolds (D:1)
  A leopard gecko skeleton (D:4)
  2 rats (D:1)
  A spectral orc (D:2)
11 creatures vanquished.

Vanquished Creatures (others)
  An orc zombie (D:4)
1 creature vanquished.

Grand Total: 110 creatures vanquished

Notes
Turn   | Place    | Note
-------+----------+-------------------------------------------
     0 | D:1      | FishyPogo the Deep Dwarf Necromancer began the quest for
                  | the Orb.
     0 | D:1      | Reached XP level 1. HP: 15/15 MP: 3/3
   112 | D:1      | Learned a level 1 spell: Animate Skeleton
   385 | D:1      | Reached XP level 2. HP: 4/24 MP: 1/5
   502 | D:1      | Reached skill level 1 in Fighting
   832 | D:1      | HP: 1/25 [dart slug/slug dart (3)]
   941 | D:2      | Reached XP level 3. HP: 1/31 MP: 2/6
   946 | D:2      | Learned a level 3 spell: Vampiric Draining
  1537 | D:2      | Found an iron altar of Okawaru.
  2112 | D:2      | Reached skill level 5 in Necromancy
  2124 | D:2      | Learned a level 1 spell: Magic Dart
  2171 | D:2      | Found a basalt altar of Yredelemnul.
  2191 | D:2      | Became a worshipper of Yredelemnul the Dark
  2323 | D:3      | Reached XP level 4. HP: 38/39 MP: 2/7
  2838 | D:3      | Reached skill level 1 in Axes
  3426 | D:3      | Reached XP level 5. HP: 24/46 MP: 3/8
  3490 | D:4      | Found a transporter.
  3490 | D:4      | Noticed AarnesTheHuman's ghost (amateur FoEE)
  3492 | D:4      | Noticed a phantom
  3595 | D:4      | Noticed Natasha
  3612 | D:4      | Killed Natasha
  3646 | D:4      | Noticed Natasha
  3661 | D:4      | Killed Natasha
  3676 | D:4      | Noticed Natasha
  3691 | D:4      | Killed Natasha
  3740 | D:4      | Reached XP level 6. HP: 28/56 MP: 1/9
  4156 | D:4      | Reached * piety under Yredelemnul
  4489 | D:4      | Reached XP level 7. HP: 40/63 MP: 3/10
  4619 | D:4      | Noticed Menkaure
  4764 | D:4      | Found a transporter.
  4766 | D:4      | You fall through a shaft for 2 floors!
  4766 | D:6      | Found a shadowy altar of Dithmenos.
  4839 | D:6      | Noticed Sigmund
  4846 | D:6      | HP: 3/64 [Sigmund/puff of flame (9)]
  4877 | D:5      | Entered Level 5 of the Dungeon
  4877 | D:5      | Noticed Pikel
  5033 | D:5      | Found Ceit's Antique Armour Shoppe.
  5038 | D:5      | Found a runed translucent gate.
  5038 | D:5      | Found a runed translucent gate.
  5038 | D:5      | Found a runed translucent gate.
  5067 | D:5      | Noticed barcode's ghost (novice FoWz)
  5073 | D:5      | Identified the cursed +1 short sword "Plog" {venom, Fragile
                  | Int+4}
  5152 | D:5      | Killed from afar by a shadow imp

Skill      XL: |  1  2  3  4  5  6  7 |
---------------+----------------------+-----
Spellcasting   | 2 3 |  3.7
Fighting       | 1 2 3 4 |  4.0
Necromancy     | 5 |  5.0
Axes           | 1 2 3 |  3.3
Dodging        | 3 |  3.0
Stealth        | |  2.4
Conjurations   | |  0.5
Invocations    | |  0.4

Action                   |  1- 3 |  4- 6 |  7- 9 || total
-------------------------+-------+-------+-------++-------
Melee: Unarmed           |     7 |       |       ||     7
       Dagger            |    12 |       |       ||    12
       Hand axe          |    35 |   112 |    15 ||   162
Throw: Stone             |    16 |     5 |       ||    21
 Cast: Pain              |    47 |    45 |       ||    92
       Animate Skeleton  |     9 |    10 |       ||    19
       Vampiric Draining |    19 |    24 |     7 ||    50
       Magic Dart        |     6 |    21 |    17 ||    44
Invok: Animate Remains   |       |     1 |       ||     1
 Abil: Heal Wounds       |       |     2 |     1 ||     3
  Use: Scroll            |       |       |    11 ||    11
       Potion            |       |       |     3 ||     3
 Stab: Distracted        |       |     1 |       ||     1
  Eat: Chunk             |     8 |    11 |     1 ||    20
Armor: Robe              |     9 |    11 |     6 ||    26
Dodge: Dodged            |    44 |    90 |    55 ||   189
